 Dungeon Crawl Stone Soup version 0.28.0 (webtiles) character file.

Game seed: 17216319585517018977

661 Sanktem7 the Chopper (level 7, -4/60 HPs)
             Began as a Minotaur Gladiator on Feb 11, 2022.
             Slain by a killer bee (8 damage)
             ... on level 5 of the Dungeon.
             The game lasted 00:04:53 (3815 turns).

Sanktem7 the Chopper (Minotaur Gladiator)           Turns: 3815, Time: 00:04:54

Health: -4/60      AC: 11    Str: 21    XL:     7   Next: 30%
Magic:  6/6        EV:  7    Int:  5    God:
Gold:   111        SH:  6    Dex: 11    Spells: 6/6 levels left

rFire   . . .      SeeInvis .   a - +0 war axe
rCold   . . .      Faith    .   e - +2 buckler {rN+}
rNeg    + . .      Spirit   .   m - +0 plate armour
rPois   .          Reflect  .   c - +0 hat
rElec   .          Harm     .   (no cloak)
rCorr   .          Rampage  .   (no gloves)
Will    +....                   (no boots)
Stlth   ..........              (no amulet)
HPRegen 0.20/turn               n - ring of willpower
MPRegen 0.10/turn               (no ring)

@: no status effects
A: horns 2, retaliatory headbutt
a: no special abilities


You were on level 5 of the Dungeon.
You visited 1 branch of the dungeon, and saw 5 of its levels.

You collected 111 gold pieces.

Inventory:

Hand Weapons
 a - a +0 war axe (weapon)
Missiles
 d - 2 throwing nets (quivered)
 j - 4 boomerangs
Armour
 c - a +0 hat (worn)
 e - a +2 buckler of positive energy (worn)
 m - a +0 plate armour (worn)
Jewellery
 n - a ring of willpower (left hand)
Scrolls
 b - a scroll of teleportation {unknown}
 f - 2 scrolls of identify {unknown}
 p - a scroll of blinking {unknown}
 r - a scroll of noise {unknown}
Potions
 g - 2 potions of heal wounds {unknown}
 h - a potion of flight {unknown}
 i - a potion of mutation {unknown}
 k - a potion of resistance {unknown}
 l - a potion of curing {unknown}
 o - a potion of berserk rage {unknown}
 q - a potion of lignification {unknown}
 s - a potion of haste {unknown}


   Skills:
 + Level 4.6 Fighting
 + Level 7.2 Axes
 + Level 2.2 Throwing
 + Level 3.9 Armour
 + Level 4.4 Dodging
 + Level 2.0 Shields


You had 6 spell levels left.
You didn't know any spells.
Your spell library contained the following spells:

 Spells                   Type           Power      Damage    Failure   Level
 Animate Skeleton         Necr           0%         N/A       100%        1
 Apportation              Tloc           0%         N/A       100%        1
 Freeze                   Ice            0%         1d3       100%        1
 Summon Small Mammal      Summ           0%         N/A       100%        1
 Frozen Ramparts          Ice            0%         1d2       100%        3
 Hailstorm                Conj/Ice       0%         3d3       100%        4
 Alistair's Intoxication  Tmut/Pois      0%         N/A       100%        5


Dungeon Overview and Level Annotations

Branches:
Dungeon (5/15)
 Temple: D:4-7

Altars:
Fedhas
Hepliaklqana


Innate Abilities, Weirdness & Mutations

You have a pair of horns on your head.
You reflexively headbutt those who attack you in melee.


Message History

The killer bee barely misses you. x2
You barely miss the killer bee.
The killer bee is almost dead.
The killer bee barely misses you. You block the killer bee's attack.
The killer bee barely misses you.
You miss the killer bee.
The killer bee is almost dead.
The killer bee barely misses you. You furiously retaliate!
You headbutt the killer bee.
You kill the killer bee!
The killer bee stings you but does no damage.
Your Shields skill increases to level 2!
You miss the killer bee.
The killer bee stings you but does no damage. x2
The killer bee barely misses you.
You miss the killer bee. The killer bee stings you.
* * * LOW HITPOINT WARNING * * *
The killer bee barely misses you.
You barely miss the killer bee.
The killer bee stings you but does no damage.
You block the killer bee's attack.
You closely miss the killer bee. Your headbutt misses the killer bee.
The killer bee barely misses you. You furiously retaliate!
You headbutt the killer bee.
The killer bee stings you but does no damage.
The killer bee barely misses you.
You completely miss the killer bee. Your headbutt misses the killer bee.
The killer bee is lightly wounded.
The killer bee barely misses you. The killer bee closely misses you.
You hit the killer bee but do no damage.
Your headbutt misses the killer bee.
The killer bee is lightly wounded.
You block the killer bee's attack. x2
You closely miss the killer bee.
The killer bee is lightly wounded.
The killer bee stings you.
* * * LOW HITPOINT WARNING * * *
The killer bee stings you but does no damage.
The killer bee stings you!
You die...

### ..# #.# #.#
#.#
.#########.####
.....).@yyy...#
#..########.##.#
#..#.....)...#
#....<.......#
......########.#
..##. .# # ##


You could see 3 killer bees.

Vanquished Creatures
  A black bear (D:4)
  An ogre (D:5)
  2 killer bees (D:5)
  A howler monkey (D:4)
  Crazy Yiuf (D:2)
  An orc priest (D:4)
  2 iguanas
  3 orc wizards (D:4)
  9 adders
  2 white imps
  An adder skeleton (D:4)
  A worm (D:3)
  A dart slug (D:3)
  6 orcs (D:4)
  6 bats
  2 endoplasms (D:4)
  4 giant cockroaches
  5 goblins
  6 hobgoblins
  3 jackals (D:2)
  3 quokkas
  8 ball pythons
  2 frilled lizards
  5 kobolds
  4 rats
80 creatures vanquished.

Vanquished Creatures (others)
  A plant (D:4)
1 creature vanquished.

Grand Total: 81 creatures vanquished

Notes
Turn   | Place    | Note
-------+----------+-------------------------------------------
     0 | D:1      | Sanktem7 the Minotaur Gladiator began the quest for the
                  | Orb.
     0 | D:1      | Reached XP level 1. HP: 18/18 MP: 0/0
   121 | D:1      | Reached XP level 2. HP: 24/25 MP: 1/1
   180 | D:1      | You fall into a shaft and drop 1 floor!
   184 | D:2      | Reached skill level 4 in Axes
   463 | D:2      | Found a runed translucent door.
   464 | D:2      | Noticed Crazy Yiuf
   568 | D:2      | Reached XP level 3. HP: 10/30 MP: 2/2
  1334 | D:2      | Killed Crazy Yiuf
  1335 | D:2      | Reached skill level 1 in Armour
  1335 | D:2      | Reached XP level 4. HP: 29/38 MP: 3/3
  1617 | D:3      | Found a blossoming altar of Fedhas.
  1773 | D:3      | Reached skill level 5 in Axes
  1944 | D:3      | Reached XP level 5. HP: 45/45 MP: 4/4
  2397 | D:3      | Found a hazy altar of Hepliaklqana.
  2564 | D:4      | Reached XP level 6. HP: 25/52 MP: 5/5
  2752 | D:4      | Reached skill level 6 in Axes
  3011 | D:4      | Reached skill level 1 in Shields
  3780 | D:5      | Entered Level 5 of the Dungeon
  3786 | D:5      | Reached XP level 7. HP: 50/60 MP: 6/6
  3804 | D:5      | Reached skill level 7 in Axes
  3815 | D:5      | Slain by a killer bee

Illustrated notes

Levels and vault maps discovered:
D:1:      sevenhm_arrival_forest_fort_small_3, layout_basic,
          shapermc_ecumenical_altar_rom_forum
D:2:      layout_basic, minmay_crystal_water, uniq_crazy_yiuf_cottage
D:3:      layout_basic, mainiacjoe_overflow_big_doors
D:4:      layout_basic, saegor_snake_ambush
D:5:      layout_basic, enter_ossuary_1, minmay_holes, minmay_hedge_maze,
          chequers_serial_rivers_small_b, kb_lookout_dungeons_type

Skill      XL: |  1  2  3  4  5  6  7 |
---------------+----------------------+-----
Axes           | 4 5 6 7 |  7.2
Dodging        | 4 |  4.4
Fighting       | 3 4 |  4.6
Armour         | 1 2 3 |  3.9
Shields        | 1 2 |  2.0
Throwing       | |  2.2

Action                   |  1- 3 |  4- 6 |  7- 9 || total
-------------------------+-------+-------+-------++-------
Melee: War axe           |    48 |   117 |    22 ||   187
       Headbutt          |     6 |    15 |       ||    21
Throw: Throwing net      |     2 |       |       ||     2
Armor: Leather armour    |    17 |     4 |       ||    21
       Plate armour      |       |    69 |    21 ||    90
Dodge: Dodged            |    38 |    49 |    15 ||   102
Block: Buckler           |     6 |    34 |    13 ||    53
